AoeStats
← SoundSine

Arena

509136134Analyzed
2v2 RM · 7d ago on Sep 25, 2026· 47m 46s· 4 players
Game mode
Random Map
Map size
Medium (4 player)
Population
200
Speed
Normal
Resources
Standard
Victory
Conquest
Starting age
Dark Age
Ending age
Imperial Age
RankedLock teamsTeams togetherTeam positionsShared explorationLock speedFull tech treeHidden civsTurbo modeCheats
Victory
Defeat
🇳🇱 Khmer · Netherlands
999
+17
🇳🇱 Portuguese · Netherlands
972
+19
🇷🇺 Varangians · Russia
1030
-18
🇷🇺 Saxons · Russia
1030
-18
TheGreatUmbrella
11:48 Feudal Age
13:56 Double-Bit Axe
13:53 Horse Collar
16:23 Castle Age
17:21 Bow Saw
17:35 Heavy Plow
18:06 Loom
24:25 Wheelbarrow
29:11 Imperial Age
27:35 Hand Cart
27:16 Fletching
28:04 Bodkin Arrow
28:10 Padded Archer Armor
28:12 Gold Mining
28:45 Ballistics
28:21 Murder Holes
30:56 Chemistry
30:24 Leather Archer Armor
30:43 Conscription
31:28 Two-Man Saw
30:06 Pikeman
30:32 Arson
31:26 Crop Rotation
31:16 Arquebus
32:36 Forging
32:43 Stone Mining
34:09 Ring Archer Armor
33:49 Halberdier
35:48 Bracer
35:50 Scale Mail Armor
36:00 Forging
37:58 Chain Mail Armor
38:18 Iron Casting
39:42 Plate Mail Armor
41:06 Blast Furnace
40:26 Siege Engineers
47:29 Elite Organ Gun
SoundSine
10:20 Feudal Age
13:42 Castle Age
11:41 Double-Bit Axe
11:53 Horse Collar
14:53 Bow Saw
14:44 Heavy Plow
19:54 Gold Mining
21:25 Wheelbarrow
20:42 Town Watch
20:43 Loom
22:02 Gold Shaft Mining
21:19 Stone Mining
22:36 Gold Shaft Mining
23:54 Stone Shaft Mining
24:23 Hand Cart
27:32 Imperial Age
25:32 Padded Archer Armor
26:29 Town Patrol
27:42 Forging
27:32 Scale Mail Armor
27:38 Scale Barding Armor
28:07 Pikeman
29:18 Conscription
29:44 Fletching
30:09 Leather Archer Armor
30:10 Chain Mail Armor
30:01 Scale Barding Armor
30:33 Bodkin Arrow
31:16 Iron Casting
33:28 Bodkin Arrow
34:03 Ring Archer Armor
34:27 Elite Skirmisher
37:34 Chain Barding Armor
38:12 Bracer
39:36 Blast Furnace
38:56 Chain Barding Armor
39:12 Halberdier
40:12 Caravan
41:29 Plate Barding Armor
41:19 Ballistics
42:00 Chemistry
41:06 Siege Engineers
41:04 Tusk Swords
Skebob
10:13 Feudal Age
10:51 Double-Bit Axe
14:02 Loom
16:21 Castle Age
14:17 Horse Collar
16:16 Gold Mining
16:38 Fletching
18:38 Bow Saw
19:22 Crossbowman
23:20 Wheelbarrow
23:38 Heavy Plow
26:10 Ballistics
29:35 Imperial Age
28:15 Padded Archer Armor
29:24 Bodkin Arrow
30:41 Leather Archer Armor
30:28 Bracer
33:46 Leather Archer Armor
33:52 Heavy Mounted Crossbowman
35:38 Forging
35:38 Cranequins
39:09 Iron Casting
38:34 Scale Mail Armor
40:07 Treadmill Crane
40:33 Siege Engineers
42:05 Chain Mail Armor
42:02 Squires
42:56 Ring Archer Armor
43:44 Plate Mail Armor
44:00 Hand Cart
44:16 Crop Rotation
44:49 Two-Man Saw
43:41 Stone Mining
47:20 Chemistry
46:18 Murder Holes
Dwyane Wade
10:34 Feudal Age
11:06 Double-Bit Axe
11:05 Horse Collar
16:48 Castle Age
19:19 Bloodlines
19:22 Forging
19:55 Bow Saw
19:37 Town Watch
20:00 Scale Barding Armor
22:15 Gold Mining
22:28 Heavy Plow
22:55 Fletching
24:30 Wheelbarrow
23:42 Loom
23:56 Stone Mining
24:32 Chain Barding Armor
27:54 Ballistics
30:55 Imperial Age
32:19 Iron Casting
32:03 Masonry
32:59 Two-Man Saw
32:32 Crop Rotation
32:36 Husbandry
32:54 Cavalier
37:27 Plate Barding Armor
42:28 Conscription
45:47 Bodkin Arrow
47:29 Padded Archer Armor
Connection lost

Rejoining the realm…

Still unreachable

The connection could not be restored.

Session expired

The server has moved on; the page needs a fresh start.